 Dungeon Crawl Stone Soup version 0.23.2-30-g0e89c35649 (webtiles) character file.

Game seed: 9104277829807456035

420 EcosseEcosse the Chopper (level 6, -5/55 HPs)
             Began as a Minotaur Fighter on June 25, 2019.
             Slain by Blork the orc
             ... wielding a +0 dire flail
              (8 damage)
             ... on level 4 of the Dungeon.
             The game lasted 00:10:54 (2757 turns).

EcosseEcosse the Chopper (Minotaur Fighter)         Turns: 2757, Time: 00:10:55

Health: -5/55      AC:  7    Str: 22    XL:     6   Next: 62%
Magic:  5/5        EV:  8    Int:  5    God:
Gold:   215        SH: 10    Dex: 10    Spells: 5/5 levels left

rFire    . . .     SeeInvis .   a - +0 war axe
rCold    . . .     Gourm    .   c - +0 shield
rNeg     . . .     Faith    .   b - +0 scale mail
rPois    .         Spirit   .   (helmet restricted)
rElec    .         Reflect  .   (no cloak)
rCorr    .         Harm     .   (no gloves)
MR       .....                  (no boots)
Stlth    ..........             (no amulet)
HPRegen  0.18/turn              (no ring)
MPRegen  0.09/turn              (no ring)

@: no status effects
A: retaliatory headbutt, horns 2
a: no special abilities


You were on level 4 of the Dungeon.
You were hungry.

You visited 1 branch of the dungeon, and saw 4 of its levels.
You also visited: Sewer.

You collected 215 gold pieces.

Inventory:

Hand Weapons
 a - a +0 war axe (weapon)
Armour
 b - a +0 scale mail (worn)
 c - a +0 shield (worn)
Jewellery
 x - an uncursed ring of resist corrosion {unknown}
Wands
 v - a wand of digging (4)
Scrolls
 e - a scroll of enchant armour {unknown}
 g - 2 scrolls of blinking {unknown}
 h - a scroll of random uselessness {unknown}
 i - 3 scrolls of remove curse
 j - 4 scrolls of identify
 p - a scroll of fog {unknown}
 q - 2 scrolls of amnesia {unknown}
 r - 4 scrolls of teleportation {unknown}
 s - a scroll of noise {unknown}
 y - 2 scrolls of fear {unknown}
Potions
 d - 4 potions of might
 k - a potion of agility {unknown}
 l - a potion of degeneration {unknown}
 m - 2 potions of magic {unknown}
 n - 4 potions of curing
 o - a potion of haste {unknown}
 t - 2 potions of brilliance {unknown}
 u - a potion of invisibility {unknown}
 w - a potion of resistance {unknown}
Comestibles
 f - 8 rations


   Skills:
 + Level 4.9 Fighting
 + Level 5.3 Axes
 + Level 5.1 Armour
 + Level 1.8 Dodging
 + Level 0.5 Stealth
 + Level 5.1 Shields


You had 5 spell levels left.
You didn't know any spells.
Your spell library was empty.

Dungeon Overview and Level Annotations

Branches:
Dungeon (4/15)
 Temple: D:4-7

Altars:

Annotations:
D:4 Blork the orc


Innate Abilities, Weirdness & Mutations

You reflexively headbutt those who attack you in melee.
You have a pair of horns on your head.


Message History

You hit the adder.
You kill the adder!
You feel sick. Something hits you.
You slash something! Your headbutt misses something.
You feel sick.
You are no longer poisoned.
Something hits you. Something hits you!
You barely miss something.
You hear some strange, mumbled words.
A puff of flame appears from out of thin air!
The puff of flame hits you. You block something's attack.
You barely miss something. Something hits you!
* * * LOW HITPOINT WARNING * * *
Something hits you!
* * * LOW HITPOINT WARNING * * *
You barely miss something. Your headbutt misses something. Something hits you.
* * * LOW HITPOINT WARNING * * *
Something hits you.
* * * LOW HITPOINT WARNING * * *
You closely miss something. Something hits you!
You die...

####...#######..#.# #
##### #..#### #### .
######.##≈≈####≈≈##.
##....#÷.≈≈≈≈≈≈÷≈≈≈#.
#.......##≈≈####≈≈##
#.....#######≈≈##≈# #
#.....# #≈≈≈≈≈≈#≈# #
#####.....####≈≈≈≈.≈#≈#
#.......@....#≈##≈≈##÷#
.#####{######≈≈####≈≈##
#.# #≈≈≈≈≈≈≈≈≈≈# #†#
####≈≈####≈≈##
###.#....#### ####
#..(.{..... #..........
#..(....... #!.........


There were no monsters in sight!

Vanquished Creatures
  A scorpion (D:4)
  A howler monkey (D:4)
  2 orc wizards (D:4)
  Ijyb (D:4)
  A worker ant (D:4)
  6 adders
  5 river rats (Sewer)
  3 worms
  A dart slug (D:3)
  6 leopard geckos
  7 orcs
  7 giant cockroaches
  7 goblins
  3 hobgoblins
  7 jackals
  5 ball pythons (Sewer)
  6 bats
  12 frilled lizards
  9 kobolds
  17 rats
  2 toadstools (D:1)
109 creatures vanquished.

Vanquished Creatures (others)
  An orc wizard (D:4)
  2 toadstools (D:1)
3 creatures vanquished.

Grand Total: 112 creatures vanquished

Notes
Turn   | Place    | Note
-------+----------+-------------------------------------------
     0 | D:1      | EcosseEcosse the Minotaur Fighter began the quest for the
                  | Orb.
     0 | D:1      | Reached XP level 1. HP: 19/19 MP: 0/0
   199 | D:1      | Reached XP level 2. HP: 27/27 MP: 1/1
   718 | D:2      | Reached XP level 3. HP: 5/33 MP: 2/2
  1288 | D:3      | Found a faded altar of an unknown god.
  1698 | D:3      | Reached XP level 4. HP: 40/40 MP: 3/3
  1817 | D:4      | Reached XP level 5. HP: 43/47 MP: 4/4
  1868 | D:4      | Noticed Ijyb
  1880 | D:4      | Killed Ijyb
  2087 | D:4      | Reached skill level 1 in Dodging
  2087 | D:4      | Reached skill level 5 in Shields
  2087 | D:4      | Reached XP level 6. HP: 53/53 MP: 5/5
  2186 | D:4      | Reached skill level 5 in Axes
  2186 | D:4      | Reached skill level 5 in Armour
  2227 | D:4      | Found a glowing drain.
  2237 | Sewer    | Entered a sewer
  2739 | D:4      | Noticed Blork the orc
  2756 | D:4      | HP: 2/55 [something (1)]
  2757 | D:4      | Slain by Blork the orc

Skill      XL: |  1  2  3  4  5  6 |
---------------+-------------------+-----
Shields        | 4 5 |  5.1
Armour         | 4 5 |  5.1
Fighting       | 4 |  4.9
Axes           | 3 4 5 |  5.3
Dodging        | 1 |  1.8
Stealth        | |  0.5

Action                   |  1- 3 |  4- 6 || total
-------------------------+-------+-------++-------
Melee: War axe           |   101 |   183 ||   284
       Headbutt          |     7 |    19 ||    26
  Use: Potion            |     1 |       ||     1
       Scroll            |       |     1 ||     1
  Eat: Chunk             |     3 |     3 ||     6
Armor: Scale mail        |    56 |    66 ||   122
Dodge: Dodged            |    34 |    55 ||    89
Block: Shield            |    71 |    77 ||   148
